 Dungeon Crawl Stone Soup version 0.27-a0-412-g8dd771e (webtiles) character file.

Game seed: 11622618241421357796

456 MrTaco21 the Cudgeller (level 7, -1/41 HPs)
             Began as a Gargoyle Fighter on Feb 23, 2021.
             Killed from afar by Sigmund (7 damage)
             ... with a puff of flame
             ... on level 4 of the Dungeon.
             The game lasted 00:08:54 (4837 turns).

MrTaco21 the Cudgeller (Gargoyle Fighter)           Turns: 4837, Time: 00:08:54

Health: -1/41      AC: 12    Str: 21    XL:     7   Next: 6%
Magic:  7/7        EV:  7    Int:  9    God:
Gold:   277        SH:  0    Dex:  9    Spells: 6/6 levels left

rFire    . . .     SeeInvis .   q - +2 whip (flame)
rCold    . . .     Faith    .   c - +0 kite shield
rNeg     + . .     Spirit   .   b - +0 scale mail
rPois    ∞         Reflect  .   f - +0 helmet
rElec    +         Harm     .   (no cloak)
rCorr    .         Rampage  .   (no gloves)
Will     .....                  (no boots)
Stlth    ..........             (no amulet)
HPRegen  0.13/turn              (no ring)
MPRegen  0.10/turn              (no ring)

@: confused
A: negative energy resistance 1, electricity resistance, unbreathing,
petrification resistance, miasma immunity, AC +4
a: no special abilities


You were on level 4 of the Dungeon.
You visited 1 branch of the dungeon, and saw 4 of its levels.
You also visited: Sewer.

You collected 277 gold pieces.

Inventory:

Hand Weapons
 q - a +2 whip of flaming (weapon)
   (You took it off a kobold on level 3 of the Dungeon)
Missiles
 n - 8 poisoned darts (quivered)
Armour
 b - a +0 scale mail (worn)
 c - a +0 kite shield (worn)
 f - a +0 helmet (worn)
   (You took it off Robin on level 3 of the Dungeon)
Scrolls
 e - 4 scrolls of identify {unknown}
 g - 2 scrolls of random uselessness {unknown}
 i - 2 scrolls of teleportation {unknown}
 j - a scroll of magic mapping {unknown}
 o - a scroll of enchant armour {unknown}
 p - a scroll of fog {unknown}
 t - a scroll of blinking {unknown}
 u - a scroll of enchant weapon {unknown}
 v - a scroll of amnesia {unknown}
Potions
 a - a potion of degeneration {unknown}
 d - a potion of might
 h - a potion of haste {@q3}
 k - a potion of heal wounds {@q2}
 l - 3 potions of curing {@q1}
 m - 2 potions of flight
 r - a potion of brilliance {unknown}
 s - 2 potions of berserk rage {unknown}


   Skills:
 - Level 3.2 Fighting
 + Level 7.4 Maces & Flails
 - Level 3.2 Armour
 - Level 3.2 Shields


You had 6 spell levels left.
You didn't know any spells.
Your spell library contained the following spells:

 Spells                   Type           Power        Failure   Level
 Magic Dart               Conj           0%           99%         1
 Blink                    Tloc           N/A          100%        2
 Call Imp                 Summ           0%           100%        2
 Slow                     Hex            0%           100%        2
 Conjure Flame            Conj/Fire      0%           100%        3
 Mephitic Cloud           Conj/Pois/Air  0%           100%        3


Dungeon Overview and Level Annotations

Branches:
Dungeon (4/15)              Sewer (visited)
 Temple: D:4-7

Altars:
Cheibriados
Elyvilon
Hepliaklqana
Nemelex Xobeh
Qazlal
Vehumet

Annotations:
D:4 3 runed translucent doors, Sigmund; yakattack's ghost, novice OpVM


Innate Abilities, Weirdness & Mutations

You are resistant to torment.
Your stone body is resilient. (AC +4)
You are immune to poison.
You resist negative energy. (rN+)
You are resistant to electric shocks. (rElec)
You can survive without breathing.
You are immune to petrification.
You are immune to miasma.


Message History

You barely miss Sigmund.
Unknown command.
You barely miss Sigmund.
Sigmund gestures at himself while chanting.
Sigmund flickers and vanishes!
Deactivating autopickup; reactivate with Ctrl-A.
Unknown command.
Unknown command.
You hit something. You burn something. Something hits you.
Unknown command.
You barely miss something. You miss something. Something hits you.
Unknown command.
You miss something.
You hear some strange, mumbled words.
A puff of flame appears from out of thin air!
The puff of flame hits you but does no damage.
You hit something. You burn something. Something hits you but does no damage.
You hit something. You burn something.
Unknown command.
You hit something. You burn something. You block something's attack.
Unknown command.
You barely miss something. Something hits you.
* * * LOW HITPOINT WARNING * * *
You hit something but do no damage. You closely miss something.
You hear some strange, mumbled words.
You are confused.
Unknown command.
You bump into the rock wall.
Something hits you but does no damage.
You're too confused to move!
You hear some strange, mumbled words.
Something tries to affect you, but you resist.
You bump into the rock wall.
Something hits you.
* * * LOW HITPOINT WARNING * * *
You bump into the rock wall.
You bump into the rock wall.
Something hits you!
* * * LOW HITPOINT WARNING * * *
You bump into the rock wall.
You hear some strange, mumbled words.
A puff of flame appears from out of thin air!
The puff of flame hits you!
You die...

###.#..##..#####.# #.#
.......##..# #.# ##.##
.##........# #.#### #...#
.##.############....# #...#
....########.....##.# #..(#
###.##.....#.###.##.# #####...###
....##.....#.###.##.###..........
######...........................
# #.....#.#.#@##..##.......... #
#.....#.#.#{##..######...### #
#####....@...<..# #...# ####
##.###.##.#..# #...#
...######...##.......# #...#
##.............##.##.# ####.####
##..##......_..##.##.# #.......#
....##...............####.......#
##.###....⌠....##.#.............#


There were no monsters in sight!

Vanquished Creatures
  A kobold brigand (Sewer)
  A centaur zombie (D:4)
  2 hounds
  2 worker ants (D:4)
  Robin (D:3)
  10 adders
  2 river rats (Sewer)
  2 oozes
  A worm (D:2)
  2 dart slugs (D:1)
  2 leopard geckos
  6 orcs (D:3)
  7 giant cockroaches
  6 goblins
  17 hobgoblins
  3 jackals
  2 quokkas (D:3)
  4 ball pythons
  6 bats
  15 frilled lizards
  13 kobolds
  14 rats
119 creatures vanquished.

Vanquished Creatures (others)
  7 plants (D:1)
7 creatures vanquished.

Grand Total: 126 creatures vanquished

Notes
Turn   | Place    | Note
-------+----------+-------------------------------------------
     0 | D:1      | MrTaco21 the Gargoyle Fighter began the quest for the Orb.
     0 | D:1      | Reached XP level 1. HP: 14/14 MP: 1/1
   175 | D:1      | Reached XP level 2. HP: 19/19 MP: 2/2
   368 | D:1      | Reached skill level 3 in Maces & Flails
   577 | D:1      | Reached XP level 3. HP: 23/23 MP: 3/3
  1172 | D:2      | Reached skill level 4 in Maces & Flails
  1367 | D:2      | Reached XP level 4. HP: 26/28 MP: 4/4
  1383 | D:2      | Found a sparkling altar of Nemelex Xobeh.
  1383 | D:2      | Found a hazy altar of Hepliaklqana.
  1383 | D:2      | Found a stormy altar of Qazlal.
  1384 | D:2      | Found a radiant altar of Vehumet.
  1697 | D:2      | Reached skill level 5 in Maces & Flails
  1815 | D:2      | Reached XP level 5. HP: 32/32 MP: 5/5
  2485 | D:3      | Found a glowing drain.
  2497 | Sewer    | Entered a sewer
  2851 | Sewer    | Reached skill level 6 in Maces & Flails
  2897 | Sewer    | Noticed a kobold brigand
  2961 | Sewer    | Killed a kobold brigand
  2962 | Sewer    | Reached XP level 6. HP: 34/37 MP: 6/6
  3026 | Sewer    | Found a glowing silver altar of Zin.
  3242 | D:3      | Noticed Robin
  3263 | D:3      | Killed Robin
  3927 | D:4      | Found a snail-covered altar of Cheibriados.
  3947 | D:4      | Reached skill level 7 in Maces & Flails
  3984 | D:4      | Found a white marble altar of Elyvilon.
  4262 | D:4      | Found a runed translucent gate.
  4262 | D:4      | Found a runed translucent gate.
  4262 | D:4      | Found a runed translucent gate.
  4262 | D:4      | Noticed yakattack's ghost (novice OpVM)
  4438 | D:4      | Noticed Sigmund
  4447 | D:4      | Reached XP level 7. HP: 30/41 MP: 7/7
  4837 | D:4      | Killed from afar by Sigmund

Illustrated notes

Levels and vault maps discovered:
D:1:      minmay_arrival_wavy_path, layout_basic, nrook_mini_vaults,
          minmay_lizard_king
D:2:      kennysheep_six_static_rooms, layout_basic,
          chequers_temple_overflow_statue_of_worship, minmay_small_reverse_x
D:3:      layout_loops_ring, cheibrodos_sewer_entry_drain, uniq_robin
D:4:      layout_loops_cross, grunt_temple_overflow_open,
          gammafunk_ghost_necromancy, uniq_sigmund

Skill      XL: |  1  2  3  4  5  6 |
---------------+-------------------+-----
Maces & Flails | 3 4 5 6 7 |  7.4
Fighting       | |  3.2
Armour         | |  3.2
Shields        | |  3.2

Action                   |  1- 3 |  4- 6 |  7- 9 || total
-------------------------+-------+-------+-------++-------
Melee: Flail             |   113 |   293 |       ||   406
       Whip              |       |    46 |    27 ||    73
  Use: Potion            |       |     5 |       ||     5
Armor: Scale mail        |    54 |   228 |     7 ||   289
Dodge: Dodged            |    39 |   127 |     4 ||   170
Block: Kite shield       |    70 |   215 |     6 ||   291

Table legend: (Time is in decaauts)
 A = Elapsed time spent in this place.
 B = Non-inter-level travel time spent in this place.
 C = Inter-level travel time spent in this place.
 D = Time resting spent in this place.
 E = Time spent auto-exploring this place.
 F = Levels seen in this place.
 G = Mean time per level.
                   A        B        C        D        E       F      G
               +--------+--------+--------+--------+--------+-----+--------+
         Total |   5063 |   4948 |    115 |    674 |   3027 |   5 | 1012.6 |
       Dungeon |   4274 |   4159 |    115 |    409 |   2852 |   4 | 1068.5 |
         Sewer |    789 |    789 |      0 |    265 |    174 |   1 |  789.0 |
               +--------+--------+--------+--------+--------+-----+--------+

Top non-repeatable levels by time:
     D:2: 1291 daAuts
     D:1: 1208 daAuts
     D:3: 1146 daAuts
   Sewer: 789 daAuts
     D:4: 627 daAuts
